 Dungeon Crawl Stone Soup version 0.17-a0-1311-gbcbd859 (webtiles) character file.

95 InterDimensionalOwl the Shield-Bearer (level 4, -3/35 HPs)
             Began as a Formicid Fighter on June 8, 2015.
             Slain by a gnoll
             ... wielding a +4 halberd
              (7 damage)
             ... on level 3 of the Dungeon.
             The game lasted 00:07:40 (1648 turns).

InterDimensionalOwl the Shield-Bearer (FoFi)        Turns: 1648, Time: 00:07:41

Health: -3/35      AC: 10    Str: 20    XL:     4   Next: 95%
Magic:  4/4        EV:  8    Int:  8    God:
Gold:   90         SH: 10    Dex: 11    Spells: 0 memorised, 3 levels left

rFire  . . .     SeeInvis +     a - +0 war axe
rCold  . . .     Clarity  .     b - +0 scale mail
rNeg   . . .     SustAt   .     c - +0 shield
rPois  .         Gourm    .     (helmet unavailable)
rElec  .         Spirit   .     i - +2 cloak
rCorr  .         Warding  .     (no gloves)
rMut   +         Stasis   +     (no boots)
MR     +....                    j - amulet of resist mutation
Stlth  ..........               h - ring of protection from magic
                                g - ring of see invisible

@: somewhat resistant to hostile enchantments, extremely unstealthy
A: permanent stasis, dig shafts and tunnels, four strong arms, antennae 3
a: Dig, Shaft Self


You were on level 3 of the Dungeon.
You were not hungry.

You visited 1 branch of the dungeon, and saw 3 of its levels.

You collected 90 gold pieces.

Inventory:

Hand weapons
 a - a +0 war axe (weapon)
Missiles
 o - 6 needles of frenzy
 s - 16 poisoned needles (quivered)
Armour
 b - a +0 scale mail (worn)
 c - a +0 shield (worn)
 i - a +2 cloak (worn)
Jewellery
 g - a ring of see invisible (left hand)
 h - a ring of protection from magic (right hand)
 j - an amulet of resist mutation (around neck)
 l - an uncursed ring of stealth {unknown}
Magical devices
 n - a wand of enslavement (4)
Scrolls
 k - a scroll of immolation
 m - a scroll of amnesia {unknown}
Potions
 d - a potion of might
 f - a potion of agility
 p - a potion of berserk rage {unknown}
Comestibles
 e - a bread ration


   Skills:
 - Level 3.2 Fighting
 + Level 3.4 Axes
 - Level 3.2 Armour
 + Level 5.2 Shields


You had 3 spell levels left.
You didn't know any spells.

Dungeon Overview and Level Annotations

Branches:
Dungeon (3/15)

Altars:


Innate Abilities, Weirdness & Mutations

You are under a permanent stasis effect.
You can dig through walls and to a lower floor.
Your four strong arms can wield two-handed weapons with a shield.
You have a pair of large antennae on your head (SInv).


Message History

You slash the gnoll!
You kill the gnoll!
You hit the gnoll but do no damage. The gnoll hits you but does no damage.
You closely miss the gnoll. You block the gnoll's attack.
You block the gnoll's attack.
You slash the gnoll!
The gnoll is severely wounded.
The gnoll closely misses you.
The gnoll hits you from afar with an enchanted halberd!
The gnoll hits you.
You barely miss the gnoll.
The gnoll is severely wounded.
The gnoll hits you from afar with an enchanted halberd!
* * * LOW HITPOINT WARNING * * *
You block the gnoll's attack.
Your shield prevents you from hitting the gnoll.
The gnoll is severely wounded.
You block the gnoll's attack.
The gnoll hits you from afar with an enchanted halberd!
You die...

#..........#
#...(......+
#..........#
#..........##
#......[>....
#....).....#
#g# #g#
#######@#
#.......#
#.####### #.#
#.# #.######
.# #......#
#.# ######.#
#.# #.# #.#
.##


You could see 2 gnolls.

Vanquished Creatures
  4 adders
  A gnoll (D:3)
  An ooze (D:1)
  2 worms (D:2)
  An orc (D:2)
  A ball python (D:2)
  5 bats
  2 giant cockroaches
  5 goblins
  4 hobgoblins
  5 kobolds
  2 quokkas (D:2)
  4 giant newts
  6 rats
  A plant (D:2)
44 creatures vanquished.

Notes
Turn   | Place    | Note
--------------------------------------------------------------
     0 | D:1      | InterDimensionalOwl the Formicid Fighter began the quest for the Orb.
     0 | D:1      | Reached XP level 1. HP: 18/18 MP: 1/1
    66 | D:1      | Reached skill level 4 in Shields
    66 | D:1      | Reached XP level 2. HP: 17/24 MP: 2/2
   299 | D:1      | Reached XP level 3. HP: 25/29 MP: 3/3
   956 | D:2      | Reached XP level 4. HP: 25/35 MP: 4/4
  1372 | D:2      | Reached skill level 5 in Shields
  1648 | D:3      | Slain by a gnoll

Vault maps used:
D:1:      saegor_arrival_under_anarchy
D:2:      serial_bayou, serial_bayou_ford_a, serial_bayou_crossing,
          serial_bayou_lagoon_b, serial_bayou_pond_b, first_bread
D:3:      xom_butterflies, kennysheep_pointless_box

Action                   |  1- 3 |  4- 6 || total
-------------------------+-------+-------++-------
Melee: War axe           |    90 |   111 ||   201
  Use: Scroll            |     2 |     1 ||     3
       Potion            |       |     2 ||     2
  Eat: Chunk             |       |     2 ||     2
       Bread ration      |       |     1 ||     1
